 Dungeon Crawl Stone Soup version 0.17.2 (webtiles) character file.

37495 aeluma the Fencer (level 13, -20/114 HPs)
             Began as a Minotaur Fighter on May 13, 2016.
             Was a High Priest of Qazlal.
             Demolished by Rupert
             ... wielding a +1 battleaxe of freezing
              (35 damage)
             ... on level 6 of the Lair of Beasts on May 16, 2016.
             The game lasted 01:25:12 (20873 turns).

aeluma the Fencer (Minotaur Fighter)               Turns: 20873, Time: 01:25:12

Health: -20/114    AC: 17    Str: 26    XL:     13   Next: 58%
Magic:  11/18      EV: 16    Int:  8    God:    Qazlal [*****.]
Gold:   1032       SH: 19    Dex: 11    Spells: 0 memorised, 12 levels left

rFire  + . .     SeeInvis .     W - +1 scimitar (flame)
rCold  + + .     Clarity  .     i - +0 mottled dragon armour
rNeg   + . .     SustAt   +     c - +0 shield
rPois  +         Gourm    .     G - +0 hat {MR+}
rElec  +         Spirit   .     s - +2 cloak
rCorr  +         Warding  +     X - +0 pair of gloves
rMut   .         Stasis   .     (no boots)
MR     +....                    t - amulet of warding
Stlth  +.........               K - ring "Xerim" {SustAt Str+4 Stlth+}
                                H - +6 ring of protection

@: resistant, protected from cold, very slightly contaminated, hasted, repel
missiles, very quick, somewhat resistant to hostile enchantments, very
unstealthy
A: retaliatory headbutt, horns 2
a: Upheaval, Elemental Force, Disaster Area, Renounce Religion


You were on level 6 of the Lair of Beasts.
You worshipped Qazlal.
Qazlal was extremely pleased with you.
You were hungry.

You visited 3 branches of the dungeon, and saw 19 of its levels.

You collected 1032 gold pieces.

Inventory:

Hand Weapons
 j - the +8 dagger "Hacait" {pierce, Str+5}
   (You took it off an orc on level 11 of the Dungeon)

   It inflicts extra damage upon your enemies.
   It affects your strength (+5).
 W - a +1 scimitar of flaming (weapon)
Armour
 c - a +0 shield (worn)
 i - a +0 mottled dragon armour (worn)
 s - a +2 cloak (worn)
 D - a +2 chain mail of poison resistance
 G - a +0 hat of magic resistance (worn)
 X - a +0 pair of gloves (worn)
Jewellery
 d - a +3 ring of evasion
 r - an uncursed ring of invisibility
 t - an amulet of warding (around neck)
 w - an uncursed ring of sustain attributes
 H - a +6 ring of protection (left hand)
 K - the ring "Xerim" (right hand) {SustAt Str+4 Stlth+}
   (You found it on level 6 of the Lair of Beasts)

   [ring of sustain attributes]

   It sustains your strength, intelligence and dexterity.
   It affects your strength (+4).
   It makes you more stealthy.
Wands
 n - a wand of fireball (6)
 u - a wand of slowing (36)
 B - a wand of digging (9)
 E - a wand of digging (7)
 I - a wand of lightning (4)
 O - a wand of digging (10)
Scrolls
 f - 3 scrolls of recharging
 g - 7 scrolls of identify
 k - 3 scrolls of amnesia
 m - 7 scrolls of remove curse
 o - 5 scrolls of teleportation
 p - 2 scrolls of blinking
 y - 2 scrolls of immolation
 M - a scroll of magic mapping {unknown}
 Q - a scroll of fog
 U - 3 scrolls of enchant armour
Potions
 l - 2 potions of cancellation
 v - 2 potions of haste
 x - 2 potions of flight
 z - a potion of curing
 C - a potion of cure mutation
 J - a potion of ambrosia
 L - 2 potions of invisibility
 T - a potion of berserk rage
 Y - a potion of lignification {unknown}
Miscellaneous
 S - a lamp of fire
Comestibles
 e - 7 bread rations
 h - 4 beef jerkies
 q - 9 fruits
 A - 8 meat rations
 F - a royal jelly
 R - a slice of pizza


   Skills:
 - Level 10.6 Fighting
 + Level 15.6 Long Blades
 + Level 5.0 Armour
 - Level 11.3 Dodging
 + Level 13.1 Shields
 + Level 8.7 Invocations


You had 12 spell levels left.
You didn't know any spells.

Dungeon Overview and Level Annotations

Branches:
Dungeon (12/15)            Temple (1/1) D:4            Lair (6/8) D:10
 Shoals (0/4) Lair:5        Snake (0/4) Lair:5        Slime (0/6) Lair:6
    Orc (0/4) D:10

Altars:
Ashenzari
Cheibriados
Dithmenos
Elyvilon
Fedhas
Gozag
Kikubaaqudgha
Makhleb
Nemelex Xobeh
Okawaru
Qazlal
Ru
Sif Muna
Trog
Vehumet
Xom
Yredelemnul
Zin
The Shining One
Jiyva

Shops:
D:4 =   D:6 :   D:8 }

Annotations:
Lair:6 Rupert


Innate Abilities, Weirdness & Mutations

You reflexively headbutt those who attack you in melee.
You have a pair of horns on your head.


Message History

The plant is flash-frozen.
The blast of magma engulfs the plant.
The plant is heavily damaged.
The blast of magma engulfs the plant.
The plant is heavily damaged.
The blast of magma engulfs the plant.
The plant is lightly damaged.
The blast of rubble hits the plant.
The plant is severely damaged.
The blast of rubble hits the plant.
You destroy the plant!
Something hits you!
* * * LOW HITPOINT WARNING * * *
Something freezes you.
* * * LOW HITPOINT WARNING * * *
You feel more protected from cold.
Drink which item? (? for menu, Esc to quit)
You feel protected.
You are feeling hungry.
You closely miss something. Something hits you!!
You die...

.................................
...................÷.............
..................§÷.P.≈.........
.................................
#.##.P...............PP....P#....
######......#..###.....P.#..##...
....##........##.#.§..#..........
...........##..#.{....##.........
....#......#....@.§...#..........
...+.......+...§#.............#..
P. #...........P###........###...
# ##.......##.##.....#..#.##.#..
#.#..........#................
...............................
...#...##..#..P.PPP#..##.#.##.#.
## ##.. #P.##..################.
### #####.## ##


There were no monsters in sight!

Vanquished Creatures
  Gastronok (Lair:1)
  The ghost of nublet the Bludgeoner, a journeyman OgGl of Ashenzari (Lair:3)
  The ghost of Shtopit the Protected, a journeyman GrBe of Trog (Lair:6)
  Harold (Lair:4)
  A catoblepas (Lair:3)
  4 hydras
  A death yak (Lair:4)
  Nergalle (Lair:2)
  2 unseen horrors
  A hill giant (D:10)
  A cyclops (D:12)
  An ugly thing (D:11)
  Maurice (D:12)
  4 black mambas
  10 spiny frogs
  2 efreet (D:12)
  A tengu conjurer (D:12)
  4 komodo dragons
  2 trolls
  A polar bear (Lair:4)
  Grinder (D:3)
  A raiju (shapeshifter) (D:12)
  8 blink frogs
  A snapping turtle (Lair:5)
  A spriggan (D:11)
  2 humans (D:7)
  A redback (D:12)
  29 yaks
  A deep elf mage (D:10)
  A wraith (D:11)
  A mottled dragon (D:11)
  A basilisk (Lair:4)
  A wyvern (D:11)
  13 wolves
  Edmund (D:4)
  6 hippogriffs
  6 nagas (Lair:5)
  5 orc warriors
  7 water moccasins
  Purgy (D:4)
  A necrophage (D:6)
  8 porcupines
  3 black bears
  8 crocodiles
  6 ice beasts
  A sky beast (D:8)
  7 centaurs
  6 ogres
  4 big kobolds
  2 gnoll sergeants
  9 giant frogs
  2 scorpions (D:8)
  25 killer bees
  4 electric eels
  3 wights (D:9)
  5 crimson imps
  A gnoll shaman (D:8)
  A quasit (D:9)
  A giant frog zombie (D:10)
  8 orc priests
  5 jellies
  8 worker ants
  A giant frog skeleton (D:10)
  6 hounds
  9 iguanas
  11 orc wizards
  9 sheep
  2 hound skeletons (D:5)
  25 river rats
  8 adders
  14 gnolls
  An ooze (D:3)
  4 worms
  An adder zombie (D:8)
  3 giant geckos
  37 orcs
  6 giant cockroaches
  5 goblins
  7 hobgoblins
  15 jackals
  22 kobolds
  3 quokkas
  2 ball pythons
  5 bats
  A giant gecko zombie (D:6)
  A giant newt (D:2)
  3 quokka skeletons
  10 rats
  2 butterflies (Lair:2)
  29 fungi
  21 plants
510 creatures vanquished.

Vanquished Creatures (others)
  A worker ant (D:12)
  2 fungi
  5 plants
8 creatures vanquished.

Grand Total: 518 creatures vanquished

Notes
Turn   | Place    | Note
--------------------------------------------------------------
     0 | D:1      | aeluma the Minotaur Fighter began the quest for the Orb.
     0 | D:1      | Reached XP level 1. HP: 19/19 MP: 0/0
   118 | D:1      | Reached skill level 4 in Fighting
   222 | D:1      | Reached XP level 2. HP: 27/27 MP: 1/1
   762 | D:2      | Found a white marble altar of Elyvilon.
   816 | D:2      | Reached XP level 3. HP: 24/34 MP: 2/2
  1263 | D:2      | Found a sparkling altar of Nemelex Xobeh.
  1892 | D:3      | Noticed Grinder
  1901 | D:3      | Killed Grinder
  1901 | D:3      | Reached skill level 6 in Fighting
  1901 | D:3      | Reached skill level 5 in Long Blades
  1901 | D:3      | Reached XP level 4. HP: 3/44 MP: 3/3
  1901 | D:3      | Reached XP level 5. HP: 3/50 MP: 4/4
  2262 | D:3      | Reached XP level 6. HP: 45/58 MP: 5/5
  2972 | D:4      | Found a staircase to the Ecumenical Temple.
  2982 | Temple   | Entered the Ecumenical Temple
  3373 | Temple   | Became a worshipper of Qazlal Stormbringer
  3443 | D:4      | Found Nawk's Jewellery Shoppe.
  3629 | D:4      | Reached skill level 7 in Fighting
  3972 | D:4      | Noticed Purgy
  3980 | D:4      | Killed Purgy
  3980 | D:4      | Reached XP level 7. HP: 60/66 MP: 6/6
  4068 | D:4      | Noticed Edmund
  4090 | D:4      | Killed Edmund
  4194 | D:4      | Found a bloodstained altar of Trog.
  4222 | D:4      | Found a shadowy altar of Dithmenos.
  4225 | D:4      | Reached skill level 8 in Fighting
  4586 | D:5      | Entered Level 5 of the Dungeon
  4614 | D:5      | Found a snail-covered altar of Cheibriados.
  4745 | D:5      | Found a shimmering altar of Xom.
  4775 | D:5      | Reached * piety under Qazlal
  4963 | D:5      | Reached XP level 8. HP: 34/77 MP: 7/7
  5173 | D:5      | Reached skill level 9 in Fighting
  5635 | D:6      | Found a burning altar of Makhleb.
  5849 | D:6      | Found Sutine's Book Emporium.
  6216 | D:6      | Noticed a troll
  6570 | D:7      | Found an iron altar of Okawaru.
  6601 | D:7      | Reached skill level 10 in Fighting
  6703 | D:6      | Reached skill level 10 in Long Blades
  6838 | D:7      | Reached XP level 9. HP: 80/85 MP: 8/8
  6960 | D:7      | Found an ancient bone altar of Kikubaaqudgha.
  7122 | D:7      | Reached skill level 1 in Dodging
  7145 | D:7      | Killed a troll
  7145 | D:7      | Reached ** piety under Qazlal
  7516 | D:8      | Found Niredd's Gadget Shop.
  7560 | D:8      | Reached skill level 5 in Shields
  7756 | D:8      | Reached skill level 11 in Long Blades
  7908 | D:8      | Found a sparkling altar of Nemelex Xobeh.
  7911 | D:8      | Found an opulent altar of Gozag.
  8569 | D:9      | Reached XP level 10. HP: 89/93 MP: 9/9
  8589 | D:9      | Reached *** piety under Qazlal
  8603 | D:9      | Reached skill level 5 in Dodging
  8632 | D:9      | Found a deep blue altar of Sif Muna.
  8894 | D:9      | Found a glowing silver altar of Zin.
  9199 | D:9      | Found a shattered altar of Ashenzari.
  9203 | D:9      | Found a glowing golden altar of the Shining One.
  9204 | D:9      | Found a shimmering altar of Xom.
  9263 | D:10     | Entered Level 10 of the Dungeon
  9263 | D:10     | Noticed a hill giant
  9286 | D:10     | Reached skill level 12 in Long Blades
  9646 | D:10     | Killed a hill giant
  9948 | D:10     | Found a staircase to the Lair.
 10066 | D:10     | Found a staircase to the Orcish Mines.
 10092 | D:10     | Killed an unseen horror
 10628 | Lair:1   | Entered Level 1 of the Lair of Beasts
 10635 | Lair:1   | Noticed a six-headed hydra
 10638 | Lair:1   | Noticed a black mamba
 11153 | D:11     | Reached **** piety under Qazlal
 11700 | D:10     | Reached XP level 11. HP: 61/101 MP: 10/10
 11736 | D:10     | Reached skill level 13 in Long Blades
 12182 | D:11     | Reached skill level 1 in Invocations
 12197 | D:11     | Got an ancient dagger {pierce}
 12198 | D:11     | Identified the +8 dagger "Hacait" {pierce, Str+5} (You took it off an orc on level 11 of the Dungeon)
 12524 | D:11     | Killed an unseen horror
 12535 | D:11     | Reached ***** piety under Qazlal
 12544 | D:11     | Noticed a brown ugly thing
 12561 | D:11     | Killed a brown ugly thing
 12937 | D:10     | Killed a black mamba
 12997 | D:12     | Noticed Maurice
 13020 | D:12     | Killed Maurice
 13059 | D:12     | Reached skill level 10 in Shields
 13195 | D:10     | Killed a two-headed hydra
 14051 | Lair:1   | Noticed Gastronok
 14068 | Lair:1   | Killed Gastronok
 14068 | Lair:1   | Reached skill level 14 in Long Blades
 14068 | Lair:1   | Reached skill level 5 in Invocations
 14068 | Lair:1   | Reached XP level 12. HP: 74/108 MP: 14/14
 14777 | Lair:2   | Noticed a six-headed hydra
 14795 | Lair:2   | Killed a two-headed hydra
 14803 | Lair:2   | Reached skill level 10 in Dodging
 14885 | Lair:2   | Noticed an eight-headed hydra
 14893 | Lair:2   | Killed a four-headed hydra
 15078 | Lair:2   | Noticed Nergalle
 15157 | Lair:2   | Killed Nergalle
 15157 | Lair:2   | Reached ****** piety under Qazlal
 16012 | Lair:3   | Noticed nublet's ghost (journeyman OgGl)
 16176 | Lair:3   | Noticed a catoblepas
 16215 | Lair:3   | Killed a catoblepas
 16669 | Lair:3   | Reached skill level 15 in Long Blades
 17507 | Lair:3   | Killed nublet's ghost
 17507 | Lair:3   | Reached XP level 13. HP: 26/114 MP: 7/17
 18101 | Lair:4   | Got a fine mace
 18434 | Lair:4   | Noticed Harold
 18451 | Lair:4   | Killed Harold
 18647 | Lair:4   | Identified the cursed +1 mace of Roerapn {drain, rElec rC+} (You found it on level 4 of the Lair of Beasts)
 19659 | Lair:5   | Found a staircase to the Snake Pit.
 19776 | Lair:5   | Found a staircase to the Shoals.
 20131 | Lair:5   | Got a twisted spear
 20132 | Lair:5   | Identified the +8 spear of Resourcefulness {freeze, Str+3} (You found it on level 5 of the Lair of Beasts)
 20255 | Lair:6   | Noticed Shtopit's ghost (journeyman GrBe)
 20282 | Lair:6   | Found a viscous altar of Jiyva.
 20293 | Lair:6   | Found a staircase to the Slime Pits.
 20348 | Lair:6   | Got a slimy turquoise ring
 20352 | Lair:6   | Identified the ring "Xerim" {SustAt Str+4 Stlth+} (You found it on level 6 of the Lair of Beasts)
 20473 | Lair:6   | Killed Shtopit's ghost
 20482 | Lair:6   | Noticed Rupert
 20746 | Lair:5   | Reached skill level 5 in Armour
 20873 | Lair:6   | Demolished by Rupert

Action                   |  1- 3 |  4- 6 |  7- 9 | 10-12 | 13-15 || total
-------------------------+-------+-------+-------+-------+-------++-------
Melee: Long sword        |    79 |    85 |   413 |   350 |       ||   927
       Dagger            |       |       |       |   135 |       ||   135
       Scimitar          |       |       |       |   422 |   311 ||   733
Invok: Elemental Force   |       |       |       |     3 |     1 ||     4
       Disaster Area     |       |       |       |     1 |     1 ||     2
       Upheaval          |       |       |       |     1 |       ||     1
  Use: Potion            |     1 |       |       |    11 |     4 ||    16
       Scroll            |       |       |    19 |    10 |     6 ||    35
 Stab: Petrified         |       |       |       |     1 |       ||     1
       Distracted        |       |       |       |       |     2 ||     2
  Eat: Chunk             |     3 |     7 |    14 |    18 |     3 ||    45
       Bread ration      |       |       |       |     2 |     1 ||     3
       Meat ration       |       |       |       |     1 |       ||     1
       Pizza             |       |       |       |       |     1 ||     1
